Map: Triton LE

Players

Ben - Winner!

  • Race: Zerg Zerg
  • League: Master
  • Spawn Location: 5:00

Mez

  • Race: Terran Terran
  • League: Master
  • Spawn Location: 11:00

VOD

Have the link to the VOD?

Description

Time

  • Played on: Sept. 9, 2019, 1:32 p.m.
  • Length: 20:41
Show
View Real Time Build Order
Export as new Build Order

Ben Zerg - Winner!

Build Orders: Hatch First, Brood Lord Corruptor 

Get SALT Encoding   

  12  0:03  Drone  
  13  0:16  Overlord  
  13  0:18  Drone  
  14  0:34  Drone x2  
  16  0:52  Hatchery, Drone  
  16  0:55  Drone  
  17  1:00  Drone  
  18  1:16  Extractor  
  18  1:18  Spawning Pool  
  16  1:20  Drone  
  16  1:21  Drone  
  19  1:32  Drone  
  19  1:43  Drone  
  20  1:58  Overlord  
  20  2:06  Zergling x4  
  22  2:09  Queen x2  
  22  2:15  Zergling x2  
  27  2:17  Drone  
  27  2:41  Drone x3  
  27  2:42  Overlord  
  30  2:45  Queen  
  32  2:51  Drone x2  
  34  3:05  Drone x2  
  34  3:08  Hatchery  
  34  3:13  Drone x2  
  36  3:26  Drone x2  
  36  3:27  Overlord  
  38  3:33  Drone x2  
  40  3:35  Overlord  
  40  3:41  Overlord  
  40  3:47  Drone  
  41  3:50  Queen  
  43  3:56  Drone x6  
  43  3:57  Drone  
  43  4:02  Baneling Nest  
  49  4:06  Zergling x4  
  51  4:20  Zergling x6  
  54  4:26  Lair  
  54  4:28  Spore Crawler, Drone  
  54  4:29  Queen  
  57  4:31  Zergling x6  
  57  4:32  Zergling x2  
  57  4:33  Metabolic Boost  
  57  4:37  Spine Crawler  
  58  4:47  Overlord  
  58  5:04  Drone x2  
  58  5:05  Drone x6  
  58  5:06  Drone  
  67  5:07  Drone  
  67  5:09  Queen  
  67  5:11  Drone x5  
  74  5:14  Queen  
  74  5:15  Overlord  
  71  5:37  Drone x3  
  71  5:38  Drone  
  75  5:45  Extractor, Evolution Chamber  
  75  5:46  Extractor  
  72  5:50  Overlord, Evolution Chamber  
  72  5:52  Hatchery  
  72  5:53  Drone x5  
  72  5:54  Drone x2  
  72  5:56  Extractor  
  76  5:57  Queen  
  76  5:58  Extractor, Drone  
  76  6:01  Queen  
  80  6:06  Overlord  
  80  6:11  Overseer  
  80  6:13  Drone x3  
  80  6:14  Centrifical Hooks, Drone  
  80  6:17  Zerg Melee Weapons Level 1  
  84  6:24  Zerg Ground Armor Level 1  
  84  6:25  Drone x2  
  85  6:26  Drone  
  87  6:34  Overlord  
  87  6:35  Drone x3  
  87  6:36  Drone x3  
  93  6:55  Overlord x3  
  93  6:58  Zergling x6  
  93  6:59  Zergling x2  
  97  7:04  Drone  
  97  7:05  Drone x4  
  97  7:06  Queen  
  104  7:10  Extractor, Drone x2  
  104  7:11  Hydralisk Den, Baneling  
  104  7:12  Baneling x5  
  104  7:13  Zergling x2  
  102  7:18  Baneling x5  
  102  7:19  Baneling x3  
  102  7:21  Zergling x2  
  102  7:22  Zergling x12  
  108  7:23  Zergling x2  
  108  7:29  Zergling x10  
  99  7:52  Zergling x2  
  99  7:53  Zergling x30  
  111  8:00  Queen x3  
  111  8:02  Baneling x3  
  111  8:03  Baneling x12  
  111  8:05  Zergling x2, Muscular Augments  
  116  8:06  Drone x3  
  116  8:12  Zergling x8  
  122  8:25  Drone x4  
  119  8:43  Hydralisk  
  119  8:44  Hydralisk x4  
  119  8:45  Overlord  
  119  8:46  Overlord x6  
  127  8:48  Spore Crawler  
  127  8:52  Spore Crawler  
  122  9:05  Drone x7  
  122  9:08  Baneling, Extractor x2  
  122  9:09  Baneling  
  125  9:11  Hydralisk x4  
  125  9:17  Grooved Spines  
  130  9:18  Infestation Pit  
  130  9:21  Zerg Ground Armor Level 2, Zerg Missile Weapons Level 1  
  129  9:36  Hydralisk x9, Burrow  
  147  9:40  Baneling x3  
  147  9:52  Overlord x2, Zergling x2  
  148  9:53  Zergling x16  
  156  10:01  Zergling x14  
  156  10:02  Zergling x2  
  156  10:05  Hive  
  164  10:07  Spire  
  164  10:10  Overlord  
  163  10:18  Zergling x8  
  163  10:22  Overseer  
  163  10:23  Overseer  
  157  10:47  Hydralisk x4  
  157  10:48  Hydralisk x11  
  187  10:52  Zergling x8  
  187  10:54  Overlord  
  190  10:57  Overseer x3  
  190  10:58  Overseer, Hatchery  
  190  11:01  Baneling x8  
  190  11:02  Baneling x4  
  189  11:10  Zergling x20  
  198  11:19  Greater Spire  
  198  11:27  Extractor  
  198  11:31  Extractor  
  171  11:40  Zergling x6  
  171  11:41  Zergling x18  
  175  11:55  Zergling x14  
  175  11:56  Zergling x4, Corruptor  
  175  12:00  Baneling x10  
  184  12:12  Corruptor x2  
  184  12:13  Corruptor x3  
  145  12:33  Corruptor x4  
  145  12:36  Viper  
  145  12:37  Viper x2  
  147  12:42  Drone x5  
  158  12:53  Brood Lord  
  158  12:56  Brood Lord x2  
  158  12:57  Zergling x2  
  158  12:58  Zergling x20, Extractor  
  172  12:59  Extractor  
  171  13:07  Overlord  
  171  13:10  Corruptor x4  
  171  13:20  Spore Crawler  
  171  13:23  Spore Crawler  
  173  13:32  Overlord  
  173  13:33  Zergling x4  
  173  13:34  Zergling x32  
  183  13:41  Brood Lord x2  
  174  13:49  Brood Lord x2  
  174  13:50  Viper  
  174  13:55  Corruptor x3  
  181  14:01  Hydralisk x2  
  181  14:02  Hydralisk x4  
  198  14:12  Baneling x3  
  198  14:13  Baneling x7  
  194  14:38  Hydralisk x3  
  194  14:44  Zerg Flyer Weapons Level 1  
  194  14:45  Zerg Missile Weapons Level 2  
  172  15:03  Corruptor x7  
  184  15:09  Zergling x2  
  184  15:10  Zergling x18  
  169  15:32  Hydralisk x11  
  169  15:33  Hydralisk x2  
  175  15:38  Hydralisk  
  175  15:39  Hydralisk x2  
  174  15:51  Zergling x2  
  174  15:54  Brood Lord  
  174  15:56  Hatchery  
  176  15:59  Brood Lord  
  178  16:04  Baneling x3  
  178  16:05  Baneling x8  
  177  16:34  Brood Lord x3  
  177  16:35  Brood Lord x2  
  177  16:38  Zerg Flyer Armor Level 1  
  187  16:48  Zergling x2  
  187  16:50  Corruptor x3  
  187  16:51  Corruptor  
  188  17:35  Corruptor  
  188  17:36  Corruptor x2  
  194  17:38  Viper x2  
  171  18:08  Corruptor x4  
  171  18:09  Corruptor  
  181  18:14  Adrenal Glands  
  181  18:15  Zergling x22  
  181  18:16  Zergling x6  
  195  18:22  Zergling x10  
  200  18:40  Baneling x11  
  200  18:41  Baneling x6  
  196  18:52  Extractor  
  196  18:55  Hatchery  
  181  18:56  Extractor  
  181  18:59  Hydralisk x6  
  181  19:00  Hydralisk x6  
  187  19:07  Corruptor  
  187  19:09  Zergling x4  
  188  19:10  Zergling x20  
  188  19:13  Brood Lord  
  188  19:16  Zergling x2  
  198  19:33  Zergling x2  
  196  19:47  Overlord  
  196  19:48  Overlord x2  
  177  20:08  Hydralisk x3  
  177  20:09  Hydralisk x6  
  177  20:10  Hydralisk x2  
  194  20:21  Zergling x2  
  194  20:22  Zergling x4  
Show
View Real Time Build Order
Export as new Build Order

Mez Terran 

Build Orders: Liberator Opening, Reaper Expand 

Get SALT Encoding   

  12  0:00  SCV  
  13  0:12  SCV  
  14  0:18  Supply Depot  
  14  0:24  SCV  
  15  0:39  SCV  
  15  0:41  Barracks  
  16  0:44  Refinery  
  16  0:51  SCV  
  17  1:04  SCV  
  18  1:16  SCV  
  19  1:29  Orbital Command, Reaper  
  20  1:41  Command Center  
  20  1:49  Supply Depot  
  20  1:55  SCV  
  21  2:01  Marine  
  22  2:09  SCV  
  22  2:13  Factory  
  23  2:15  Refinery  
  23  2:21  SCV  
  23  2:22  Barracks Reactor  
  24  2:40  SCV  
  24  3:05  SCV  
  24  3:06  Orbital Command  
  24  3:07  Starport  
  24  3:11  Hellion x2  
  28  3:13  Supply Depot  
  28  3:16  Barracks Tech Lab  
  28  3:19  SCV  
  29  3:31  SCV  
  29  3:32  Liberator, Hellion x2  
  29  3:33  SCV  
  35  3:36  Marine  
  36  3:43  SCV  
  36  3:45  SCV  
  38  3:55  SCV, Hellion  
  44  3:56  Hellion  
  44  3:57  SCV  
  44  4:01  Supply Depot  
  47  4:07  Marine, SCV  
  47  4:09  SCV  
  50  4:19  SCV  
  50  4:21  SCV  
  52  4:27  Command Center  
  52  4:32  SCV  
  52  4:33  Supply Depot  
  52  4:34  SCV  
  54  4:41  Barracks  
  54  4:42  Barracks  
  54  4:44  SCV  
  55  4:46  SCV  
  55  4:48  Stimpack  
  55  4:49  Starport Reactor  
  55  4:50  Factory Tech Lab  
  56  4:56  SCV  
  55  5:06  Marine  
  47  5:07  SCV  
  47  5:08  SCV  
  47  5:12  Engineering Bay  
  47  5:13  Engineering Bay  
  48  5:19  SCV  
  48  5:20  SCV  
  50  5:24  Marine  
  50  5:26  Refinery  
  50  5:27  Refinery  
  51  5:31  Marine x2  
  51  5:32  Barracks  
  51  5:33  Siege Tank, Barracks  
  51  5:35  Marine, Starport Reactor  
  53  5:39  SCV x2  
  53  5:42  Marine  
  57  5:44  Orbital Command  
  57  5:45  Marine  
  57  5:49  Marine  
  59  5:54  Marine x2, Terran Infantry Armor Level 1, Terran Infantry Weapons Level 1  
  61  5:58  SCV  
  61  5:59  SCV  
  63  6:06  Marine x2  
  63  6:07  Siege Tank  
  63  6:11  Orbital Command  
  68  6:21  Medivac x2  
  68  6:22  Armory  
  68  6:23  Supply Depot, Barracks Reactor x2  
  68  6:25  Marine x2  
  74  6:37  Marine  
  74  6:38  Marine x2  
  74  6:39  SCV x2  
  79  6:43  Marine  
  79  6:45  Combat Shield  
  83  6:47  Siege Tank, SCV  
  83  6:49  Supply Depot  
  83  6:51  SCV  
  85  6:59  Marine, Medivac x2  
  85  7:00  Marine x3  
  93  7:10  Marine x3  
  93  7:11  SCV x2  
  93  7:12  Supply Depot  
  93  7:15  Marine x2  
  99  7:16  Supply Depot  
  99  7:17  Marine  
  99  7:18  Supply Depot  
  101  7:24  Terran Vehicle Weapons Level 1  
  101  7:33  Siege Tank, SCV x2  
  101  7:35  Marine  
  101  7:36  Marine x2  
  109  7:37  Marine x6  
  108  7:53  Marine x3  
  108  7:55  Marine x4  
  115  8:04  Marine x2  
  113  8:05  Siege Tank  
  113  8:10  Terran Infantry Armor Level 2, Terran Infantry Weapons Level 2  
  113  8:11  Marine x3  
  119  8:13  Marine x2  
  119  8:16  Refinery  
  119  8:17  Refinery  
  118  8:21  SCV x2  
  118  8:22  SCV  
  118  8:27  Supply Depot  
  118  8:32  Marine x2  
  118  8:33  SCV  
  118  8:34  SCV x2  
  122  8:39  Marine, Supply Depot  
  122  8:40  Marine x3  
  125  8:49  Marine x4, Siege Tank, SCV  
  133  8:56  Factory  
  133  8:58  Supply Depot  
  133  9:00  Marine x4  
  137  9:03  Supply Depot  
  137  9:04  Supply Depot  
  137  9:10  Marine x3  
  137  9:15  Medivac x2  
  133  9:24  Siege Tank, SCV x3  
  139  9:32  Supply Depot  
  139  9:34  Supply Depot x2  
  139  9:36  SCV x2  
  139  9:37  SCV  
  142  9:40  Factory Tech Lab  
  142  9:41  Marine  
  142  9:42  Marine x8  
  151  9:52  Medivac  
  151  9:53  Medivac  
  155  10:00  Marine x3  
  155  10:01  Marine x6  
  155  10:02  Siege Tank x2  
  170  10:08  SCV x3  
  173  10:15  Supply Depot  
  173  10:17  Command Center  
  173  10:19  Marine  
  173  10:20  Marine, SCV  
  156  10:22  Medivac x2  
  156  10:23  Marine x5  
  156  10:24  Marine  
  166  10:34  Siege Tank  
  166  10:35  Marine  
  170  10:37  Marine x2  
  172  10:50  Marine x6, Siege Tank  
  181  10:59  Marine  
  181  11:00  Marine x2  
  181  11:03  Medivac x2  
  188  11:04  Barracks, Terran Infantry Weapons Level 3  
  188  11:05  Barracks  
  188  11:07  Barracks  
  188  11:18  Marine x9  
  192  11:21  Terran Infantry Armor Level 3  
  197  11:26  Refinery  
  197  11:28  Siege Tank  
  164  11:43  Marine x6  
  164  11:44  Marine x2  
  172  11:59  Marine x2  
  174  12:06  Marine  
  174  12:07  Marine x2  
  157  12:15  Marine  
  157  12:16  Marine x3, Siege Tank x2  
  135  12:31  Planetary Fortress  
  109  12:39  Marine  
  109  12:40  Marine x5  
  115  12:44  SCV x3  
  115  12:48  Siege Tank x2, Medivac  
  126  12:56  SCV  
  126  12:58  Marine  
  127  13:04  Marine x5  
  127  13:05  Barracks Tech Lab x3  
  133  13:06  Orbital Command  
  133  13:10  Medivac  
  133  13:12  Marine  
  136  13:18  Medivac  
  135  13:21  Marine x3  
  135  13:22  Marine x5  
  140  13:30  Marine x3, Supply Depot  
  140  13:31  Supply Depot  
  140  13:32  Supply Depot  
  137  13:40  SCV x4  
  141  13:42  Marine  
  141  13:46  Viking  
  133  13:48  Viking  
  133  13:50  Marine x5  
  133  13:54  SCV x3  
  134  14:04  Marine x5  
  135  14:16  Medivac  
  137  14:18  Medivac  
  137  14:23  Marine x11  
  150  14:30  Ghost Academy  
  150  14:33  Terran Ship Weapons Level 1  
  150  14:34  Widow Mine  
  150  14:35  Widow Mine  
  154  14:42  Command Center  
  154  14:46  Viking  
  154  14:48  Sensor Tower, Viking  
  155  14:56  Marine  
  155  14:59  Sensor Tower  
  134  15:03  Marine  
  134  15:04  Marine x4, Marauder x4  
  139  15:16  Viking  
  139  15:18  Viking  
  130  15:28  Marine  
  130  15:34  Marine x2  
  106  15:44  Marine x9  
  106  15:46  Viking  
  106  15:48  Viking  
  119  15:57  Refinery  
  119  16:12  Marine x5, Siege Tank x2  
  119  16:13  Marine x2  
  119  16:14  Marine x2  
  119  16:16  Medivac  
  138  16:18  Medivac  
  138  16:40  Marauder x3  
  138  16:41  Marine x7, Marauder  
  138  16:46  Medivac  
  155  16:48  Medivac  
  157  17:06  Marine x5  
  156  17:16  Medivac  
  148  17:31  Marine x6  
  148  17:32  Marauder  
  148  17:33  Viking  
  151  17:41  Siege Tank x2  
  157  17:46  Viking  
  157  17:47  Marine x2  
  157  17:49  Marine x2, Command Center  
  163  18:03  Marine x2  
  121  18:06  Marine x2  
  121  18:07  Marine x4  
  125  18:15  Marine x2, Unknown  
  125  18:16  Marine, Unknown x2  
  134  18:21  Marine x2  
  134  18:22  Marine, Unknown  
  134  18:23  Thor  
  137  19:02  Marine x8  
  99  19:05  Medivac x2  
  105  19:12  SCV x4  
  108  19:21  Refinery  
  108  19:25  Marine x6, Sensor Tower  
  114  19:32  Unknown  
  114  19:33  Unknown  
  114  19:41  Marine  
  115  19:46  Thor x2  
  115  19:48  Marine  
  128  19:59  Viking x2  
  96  20:09  Marine  
  96  20:10  Marine x7  
  89  20:16  Marine x3  
  89  20:21  Marine  
Tags
 
Add a new tag
Caveats
  • Supply blocks, unpowered buildings, or Contaminate may cause inaccurate times.
  • Supply counts are checked every 10 seconds.